AoeStats
← NPG | FishCL

Arabia

503266798Analyzed
2v2 RM · 1mo ago on Aug 30, 2026· 39m 36s· 4 players
Game mode
Random Map
Map size
Medium (4 player)
Population
200
Speed
Normal
Resources
Standard
Victory
Conquest
Starting age
Dark Age
Ending age
Imperial Age
RankedLock teamsTeams togetherTeam positionsShared explorationLock speedFull tech treeHidden civsTurbo modeCheats
Victory
Defeat
🇨🇱 Britons · Chile
1672
+18
🇨🇱 Franks · Chile
1632
+20
🇧🇷 Lithuanians · Brazil
1726
-19
🇧🇷 Maya · Brazil
1722
-19
LLaRLLi
6:54 Loom
9:11 Feudal Age
9:46 Double-Bit Axe
23:58 Castle Age
22:43 Gold Mining
22:54 Padded Archer Armor
22:47 Fletching
24:02 Crossbowman
27:20 Wheelbarrow
28:18 Ballistics
28:46 Horse Collar
29:35 Bodkin Arrow
38:31 Imperial Age
37:27 Padded Archer Armor
38:01 Hand Cart
37:57 Bow Saw
37:48 Heavy Plow
38:25 Gold Shaft Mining
38:35 Arbalester
39:15 Bracer
40:19 Chemistry
40:16 Leather Archer Armor
41:05 Two-Man Saw
NPG | FishCL
6:25 Loom
8:47 Feudal Age
9:54 Double-Bit Axe
15:22 Scale Barding Armor
16:06 Forging
21:51 Castle Age
20:21 Gold Mining
22:46 Bow Saw
23:13 Chain Barding Armor
26:45 Iron Casting
29:25 Fletching
32:30 Wheelbarrow
32:36 Husbandry
33:38 Town Watch
38:19 Imperial Age
38:18 Gold Shaft Mining
37:52 Stone Mining
38:22 Hand Cart
39:40 Plate Barding Armor
38:35 Cavalier
40:15 Conscription
Fs.Nx Imperial
6:23 Loom
8:53 Feudal Age
10:02 Double-Bit Axe
18:15 Scale Barding Armor
19:03 Forging
25:11 Castle Age
24:37 Bloodlines
26:38 Horse Collar
29:08 Fletching
36:04 Bow Saw
39:24 Chain Barding Armor
40:08 Husbandry
Fs.Nicolau Mendes
0:25 Loom
9:59 Feudal Age
13:13 Town Watch
14:29 Fletching
18:45 Wheelbarrow
24:28 Castle Age
22:34 Horse Collar
24:34 Crossbowman
25:10 Bodkin Arrow
25:00 Double-Bit Axe
25:55 Bow Saw
28:25 Heavy Plow
30:38 Ballistics
33:10 Padded Archer Armor
34:11 Leather Archer Armor
34:47 Thumb Ring
Connection lost

Rejoining the realm…

Still unreachable

The connection could not be restored.

Session expired

The server has moved on; the page needs a fresh start.